 Dungeon Crawl Stone Soup version 0.22-a0-565-gfc6459a (webtiles) character file.

186 inc the Conjurer (level 5, 0/31 HPs)
             Began as an Octopode Fire Elementalist on June 28, 2018.
             Slain by a gnoll
             ... wielding a +0 spear
              (7 damage)
             ... on level 4 of the Dungeon.
             The game lasted 00:06:15 (3773 turns).

inc the Conjurer (Octopode Fire Elementalist)       Turns: 3773, Time: 00:06:16

Health: 0/31       AC:  1    Str:  7    XL:     5   Next: 66%
Magic:  4/8        EV: 13    Int: 19    God:
Gold:   165        SH:  0    Dex: 12    Spells: 7/8 levels left

rFire    . . .     SeeInvis .   f - +0 short sword
rCold    . . .     Gourm    .   (no shield)
rNeg     . . .     Faith    .   (helmet restricted)
rPois    .         Spirit   .   (no amulet)
rElec    .         Reflect  .   (no ring)
rCorr    .         Harm     .   (no ring)
MR       .....                  (no ring)
Stlth    +++.......             (no ring)
HPRegen  0.10/turn              (no ring)
MPRegen  0.11/turn              (no ring)
                                (no ring)
                                (no ring)

@: no status effects
A: almost no armour, stealthy swim, amphibious, 8 rings, constrict 8, camouflage
1, gelatinous body 1
a: no special abilities


You were on level 4 of the Dungeon.
You were hungry.

You visited 1 branch of the dungeon, and saw 4 of its levels.

You collected 165 gold pieces.

Inventory:

Hand Weapons
 a - a +0 whip
 f - a +0 short sword (weapon)
Jewellery
 g - an uncursed ring of resist corrosion {unknown}
 i - an uncursed ring of resist corrosion {unknown}
Scrolls
 e - a scroll of enchant weapon {unknown}
 h - 4 scrolls of amnesia {unknown}
 j - 3 scrolls of identify {unknown}
 l - a scroll of random uselessness {unknown}
 n - 2 scrolls of immolation {unknown}
 o - 2 scrolls of magic mapping {unknown}
 q - a scroll of remove curse {unknown}
 r - a scroll of teleportation {unknown}
Potions
 c - 2 potions of curing {unknown}
 d - a potion of degeneration {unknown}
 k - a potion of flight {unknown}
 m - 2 potions of magic {unknown}
 p - a potion of cancellation {unknown}
Comestibles
 b - 5 rations


   Skills:
 - Level 2.0 Dodging
 - Level 2.6 Stealth
 - Level 2.0 Spellcasting
 + Level 4.4 Conjurations
 + Level 4.1 Fire Magic


You had 7 spell levels left.
You knew the following spells:

 Your Spells              Type           Power        Failure   Level  Hunger
a - Flame Tongue          Conj/Fire      ###..        2%          1    #......

Your spell library contained the following spells:

 Spells                   Type           Power        Failure   Level  Hunger
 Fireball                 Conj/Fire      ###.......   61%         5    ######.
 Conjure Flame            Conj/Fire      ###.....     9%          3    ###....
 Throw Flame              Conj/Fire      ###...       4%          2    ###....
 Sticky Flame             Conj/Fire      ###.....     28%         4    #####..
 Inner Flame              Hex/Fire       #.......     22%         3    ###....


Dungeon Overview and Level Annotations

Branches:
Dungeon (4/15)
 Temple: D:4-7

Altars:
Ashenzari

Annotations:
D:2 Sigmund


Innate Abilities, Weirdness & Mutations

You cannot wear most types of armour.
You are very stealthy in the water. (Stealth+)
You are amphibious.
You can wear up to eight rings at the same time.
You can use your tentacles to constrict eight enemies at once.
Your skin changes colour to match your surroundings (Stealth+).
Your rubbery body absorbs attacks. (AC +1, EV +1)


Message History

The gnoll is heavily wounded.
The gnoll barely misses you.
Casting: Flame Tongue (safe; 2% risk of failure)
Confirm with . or Enter, or press ? or * to list all spells.
Aiming: Flame Tongue (safe; 2% risk of failure)
Press: ? - help, Shift-Dir - straight line, f/p - gnoll
Aim: a gnoll, wielding a spear (heavily wounded)
The flame tongue hits the gnoll.
The gnoll appears unharmed.
The gnoll is heavily wounded.
The gnoll hits you from afar with a spear.
* * * LOW HITPOINT WARNING * * *
Casting: Flame Tongue (safe; 2% risk of failure)
Confirm with . or Enter, or press ? or * to list all spells.
Aiming: Flame Tongue (safe; 2% risk of failure)
Press: ? - help, Shift-Dir - straight line, f/p - gnoll
Aim: a gnoll, wielding a spear (heavily wounded)
The flame tongue hits the gnoll.
The gnoll is almost dead.
The gnoll hits you from afar with a spear!
You die...

#### ### #.. ..#
#.# #.#
###########.####.#
...............#.#
###########.##.#.#
.## #.##.#.# ..#
#.....@# .##
####g#### ##
#.......# #
#.##.#..# # #.#..#
### # #.#.># .....
#.##.#..# .#
#.......# ##
#.##.##.#


You could see a gnoll.

Vanquished Creatures
  An orc wizard (D:3)
  7 gnolls
  3 adders
  An adder skeleton (D:3)
  A worm (D:3)
  A dart slug (D:3)
  3 leopard geckos
  4 orcs (D:3)
  2 giant cockroaches
  5 goblins
  3 hobgoblins
  7 jackals (D:1)
  7 bats
  6 frilled lizards
  5 kobolds
  4 rats
60 creatures vanquished.

Notes
Turn   | Place    | Note
-------+----------+-------------------------------------------
     0 | D:1      | inc the Octopode Fire Elementalist began the quest for the Orb.
     0 | D:1      | Reached XP level 1. HP: 11/11 MP: 3/3
    67 | D:1      | Reached XP level 2. HP: 12/17 MP: 0/5
   497 | D:1      | Reached XP level 3. HP: 8/21 MP: 0/6
  1799 | D:2      | Noticed Sigmund
  2037 | D:2      | Reached XP level 4. HP: 27/27 MP: 5/7
  2891 | D:3      | Reached XP level 5. HP: 31/31 MP: 3/8
  3267 | D:3      | Found a shattered altar of Ashenzari.
  3773 | D:4      | Slain by a gnoll

Vault maps used:
D:1:      dpeg_arrival_signposts, minivault_26, nrook_loot_triangle,
          serial_bayou_pond_d
D:2:      glass_columns_c, uniq_sigmund
D:3:      ashenzari_altar_1
D:4:      hangedman_decor_slide_cut, minmay_misc_feat_square,
          minmay_misc_feat_secret_circle, grunt_decor_mini_mirrors

Skill      XL: |  1  2  3  4  5 |
---------------+----------------+-----
Conjurations   | 2 3 4 |  4.4
Fire Magic     | 4 |  4.1
Dodging        | |  2.0
Stealth        | |  2.6
Spellcasting   | |  2.0

Action                   |  1- 3 |  4- 6 || total
-------------------------+-------+-------++-------
Melee: Unarmed           |    12 |       ||    12
       Constrict         |    17 |     6 ||    23
       Whip              |    54 |       ||    54
       Tentacles         |     7 |     3 ||    10
       Short sword       |    11 |    13 ||    24
 Cast: Flame Tongue      |    33 |    53 ||    86
 Stab: Sleeping          |     6 |     3 ||     9
  Eat: Chunk             |     4 |     5 ||     9
Armor: Skin              |    14 |     1 ||    15
Dodge: Dodged            |    79 |    23 ||   102

Table legend:
 A = Spawn XP
 B = Non-spawn XP
 C = Spawn XP percentage of total XP
 D = Spawn monster count
 E = Non-spawn monster count
 F = Spawn count percentage of total count
 G = Total turns spent on level
                    A         B        C        D         E        F      G
               +---------+---------+-------+---------+---------+-------+---------
         Total |       0 |     267 |   0.0 |       0 |      60 |   0.0 |  3773
               +---------+---------+-------+---------+---------+-------+---------
           D:1 |       0 |      57 |   0.0 |       0 |      28 |   0.0 |  1514
           D:2 |       0 |      25 |   0.0 |       0 |       8 |   0.0 |   836
           D:3 |       0 |     139 |   0.0 |       0 |      19 |   0.0 |  1231
           D:4 |       0 |      46 |   0.0 |       0 |       5 |   0.0 |   192
               +---------+---------+-------+---------+---------+-------+---------
